 Dungeon Crawl Stone Soup version 0.21-a0-504-g2eda330 (webtiles) character file.

7951 Lavandula the Slicer (level 11, -1/87 HPs)
             Began as a Mummy Chaos Knight on Nov 26, 2017.
             Slain by a phantom (8 damage)
             ... on level 11 of the Dungeon.
             The game lasted 00:37:23 (11694 turns).

Lavandula the Slicer (Mummy Chaos Knight)          Turns: 11694, Time: 00:37:24

Health: -1/87      AC: 10    Str: 16    XL:     11   Next: 3%
Magic:  18/19      EV: 13    Int: 12    God:    Xom [.....*]
Gold:   811        SH:  0    Dex: 14    Spells: 10/21 levels left

rFire    x . .     SeeInvis .   h - +7 quick blade
rCold    + . .     Gourm    .   (no shield)
rNeg     + + +     Faith    .   b - +2 leather armour
rPois    ∞         Spirit   .   l - +2 helmet
rElec    .         Reflect  .   t - +0 cloak
rCorr    .         Harm     .   q - +0 pair of gloves
MR       +....                  (no boots)
Stlth    +.........             (no amulet)
HPRegen  0.24/turn              j - +2 ring of slaying
MPRegen  0.16/turn              (no ring)

@: no status effects
A: no food or potions, fire vulnerability, cold resistance 1, negative energy
resistance 3, torment resistance, unbreathing
a: Renounce Religion


You were on level 11 of the Dungeon.
You worshipped Xom.
You were Xom's teddy bear.
You were not hungry.

You visited 1 branch of the dungeon, and saw 11 of its levels.

You collected 811 gold pieces.

Inventory:

Hand Weapons
 a - a +3 scimitar of flaming
 h - a +7 quick blade (weapon)
 z - a +0 dagger of electrocution
Missiles
 s - a throwing net (quivered)
Armour
 b - a +2 leather armour (worn)
 g - a +2 robe of cold resistance
 l - a +2 helmet (worn)
 q - a +0 pair of gloves (worn)
 t - a +0 cloak (worn)
Magical Staves
 x - an uncursed staff of poison
Jewellery
 j - a +2 ring of slaying (left hand)
Wands
 k - a wand of enslavement (12)
 p - a wand of iceblast (36)
 w - a wand of acid (4)
Scrolls
 c - 3 scrolls of amnesia
 e - 4 scrolls of identify
 i - a scroll of enchant armour
 m - 3 scrolls of remove curse
 r - 3 scrolls of immolation
 v - a scroll of vulnerability
Books
 d - a book of Cantrips

   Spells                             Type                      Level
   a - Confusing Touch                Hexes                        1
   b - Animate Skeleton               Necromancy                   1
   c - Summon Small Mammal            Summoning                    1
   d - Apportation                    Translocation                1
 n - a book of Battle

   Spells                             Type                      Level
   a - Infusion                       Charms                       1
   b - Shroud of Golubria             Charms/Translocation         2
   c - Song of Slaying                Charms                       2
   d - Spectral Weapon                Hexes/Charms                 3
   e - Regeneration                   Charms/Necromancy            3
 o - a book of Maledictions

   Spells                             Type                      Level
   a - Corona                         Hexes                        1
   b - Ensorcelled Hibernation        Hexes/Ice                    2
   c - Confuse                        Hexes                        3
   d - Tukima's Dance                 Hexes                        3
   e - Dazzling Spray                 Conjuration/Hexes            3


   Skills:
 - Level 8.5 Fighting
 - Level 10.0 Short Blades
 - Level 1.5 Armour
 - Level 3.4 Dodging
 + Level 5.5 Spellcasting
 - Level 7.3 Hexes
 - Level 4.5 Charms


You had 10 spell levels left.
You knew the following spells:

 Your Spells              Type           Power        Failure   Level  Hunger
a - Shroud of Golubria    Chrm/Tloc      #.........   14%         2    N/A
b - Confuse               Hex            ###.....     3%          3    N/A
c - Infusion              Chrm           ##..         3%          1    N/A
d - Spectral Weapon       Hex/Chrm       ###.....     6%          3    N/A
f - Animate Skeleton      Necr           N/A          24%         1    N/A
g - Apportation           Tloc           #.....       24%         1    N/A

Dungeon Overview and Level Annotations

Branches:
Dungeon (11/15)            Temple (0/1) D:7            Lair (0/6) D:10
    Orc: D:9-12

Altars:
Ashenzari
Cheibriados
Dithmenos
Elyvilon
Fedhas
Gozag
Kikubaaqudgha
Makhleb
Okawaru
Qazlal
Ru
Vehumet
Wu Jian
Beogh

Annotations:
D:3 4thArraOfDagon's ghost, weakling BaFE
D:7 4thArraOfDagon's ghost, amateur BaFE
D:9 exclusion: oklob plant
D:10 exclusions: centaur and two-headed ogre


Innate Abilities, Weirdness & Mutations

You do not eat or drink.
Your flesh is vulnerable to fire.
You are immune to poison.
Your flesh is cold resistant. (rC+)
You are immune to negative energy. (rN+++)
You are immune to unholy pain and torment.
You can survive without breathing.


Message History

Evoke which item? (* to show all) (? for menu, Esc to quit)
Aiming: Corrosive Bolt
Press: ? - help, Shift-Dir - straight line The bolt of acid misses the phantom.
The phantom barely misses you.
Unknown command.
Evoke which item? (* to show all) (? for menu, Esc to quit)
Aiming: Corrosive Bolt
Press: ? - help, Shift-Dir - straight line The bolt of acid misses the phantom.
The bolt of acid hits the kobold.
The kobold is splashed with acid.
The acid corrodes the kobold!
You kill the kobold!
The phantom misses you.
Unknown command.
Evoke which item? (* to show all) (? for menu, Esc to quit)
Aiming: Enslavement
Press: ? - help, Shift-Dir - straight line, f - manticore
Aim: a manticore (chance to defeat MR: 28%)
The manticore easily resists.
The phantom hits you!
You die...
Xom thinks this is hilarious!

############
#..........#####
#..........#.§.#
#...c......#.#W#
##..........Z.#@#
#...........###.#
..............#.#
##....##..#...#H.#
............##..#.$
.....###.#.....#..#
##..##...#.......#
#...#o.###.....##
..#...## ##....#


You could see a manticore and a phantom.

Vanquished Creatures
  2 two-headed ogres (D:9)
  Erica (D:8)
  An unseen horror (D:11)
  Pikel (D:6)
  Grinder (D:4)
  A spriggan (D:7)
  A shadow (D:10)
  Eustachio (D:5)
  A wyvern (D:9)
  A water moccasin (D:5)
  Duvessa (D:7)
  2 orc warriors
  A sky beast (D:5)
  3 slaves (D:6)
  A black bear (D:6)
  4 ogres
  2 phantoms (D:7)
  A boggart (D:8)
  3 centaurs
  A big kobold (D:9)
  3 bullfrogs
  A water moccasin zombie (D:8)
  A wyvern zombie (D:10)
  Dowan (D:7)
  2 wyvern skeletons
  2 scorpions
  5 killer bees (D:9)
  2 howler monkeys (D:8)
  7 crimson imps
  5 hounds
  2 bullfrog skeletons (D:8)
  A jelly (D:8)
  11 orc wizards
  4 orc priests
  Ijyb (D:5)
  2 gnoll shamans (D:5)
  Jessica (D:2)
  A centaur skeleton (D:9)
  An iguana (D:8)
  5 worker ants
  A worker ant zombie (D:11)
  9 adders
  37 gnolls
  A shadow imp (D:5)
  3 oozes
  An adder zombie (D:9)
  An adder skeleton (D:6)
  3 worms
  3 dart slugs
  4 leopard geckos
  31 orcs
  4 bats
  5 giant cockroaches
  4 goblins
  5 hobgoblins
  39 jackals
  15 kobolds
  9 quokkas
  A ball python (D:5)
  8 frilled lizards
  A jackal skeleton (D:9)
  7 rats (D:1)
280 creatures vanquished.

Vanquished Creatures (collateral kills)
  A phantom (D:4)
  An orc wizard (D:10)
  An orc (D:10)
3 creatures vanquished.

Vanquished Creatures (others)
  A dancing weapon (D:9)
  An orc warrior (D:10)
  2 orc priests (D:10)
  2 gnolls (D:3)
  An adder (D:2)
  A dart slug (D:2)
  A bat (D:2)
  2 fungi (D:3)
11 creatures vanquished.

Grand Total: 294 creatures vanquished

Notes
Turn   | Place    | Note
-------+----------+-------------------------------------------
     0 | D:1      | Lavandula the Mummy Chaos Knight began the quest for the Orb.
     0 | D:1      | Reached XP level 1. HP: 18/18 MP: 1/1
    55 | D:1      | XOM: potion effect (might)
    86 | D:1      | Reached XP level 2. HP: 24/24 MP: 2/2
   104 | D:1      | Reached skill level 3 in Short Blades
   283 | D:1      | XOM: harmless Air miscast
   320 | D:1      | XOM: scenery: 1 doors open
   321 | D:1      | Reached XP level 3. HP: 29/29 MP: 3/3
   983 | D:2      | Reached skill level 4 in Short Blades
   983 | D:2      | Reached XP level 4. HP: 18/35 MP: 4/4
  1014 | D:2      | XOM: 1-stop teleportation journey
  1169 | D:2      | XOM: butterfly on damage
  1186 | D:2      | XOM: polymorph gnoll -> adder
  1187 | D:2      | XOM: destruction
  1192 | D:2      | Noticed Jessica
  1383 | D:2      | Found a faded altar of an unknown god.
  1404 | D:2      | XOM: fog
  1414 | D:2      | Killed Jessica
  1953 | D:1      | XOM: confusion (+ monsters)
  2122 | D:2      | XOM: divination: detect items
  2249 | D:2      | XOM: cloud trail
  2293 | D:2      | XOM: butterfly on damage
  2323 | D:2      | XOM: harmless Tloc miscast
  2664 | D:2      | Reached XP level 5. HP: 41/41 MP: 5/5
  2711 | D:3      | Found a blossoming altar of Fedhas.
  2714 | D:3      | Noticed 4thArraOfDagon's ghost (weakling BaFE)
  3764 | D:3      | Reached skill level 1 in Dodging
  3934 | D:3      | Reached XP level 6. HP: 49/49 MP: 6/6
  4042 | D:3      | XOM: 10-stop teleportation journey
  4257 | D:3      | XOM: potion effect (experience)
  4257 | D:3      | Reached skill level 9 in Short Blades
  4257 | D:3      | Reached XP level 7. HP: 63/63 MP: 7/7
  4468 | D:3      | Reached skill level 10 in Short Blades
  4636 | D:3      | Found an ancient bone altar of Kikubaaqudgha.
  4942 | D:4      | Found a white marble altar of Elyvilon.
  4944 | D:4      | Found a shadowy altar of Dithmenos.
  4945 | D:4      | Found an opulent altar of Gozag.
  4997 | D:4      | Found a snail-covered altar of Cheibriados.
  5067 | D:4      | Noticed Grinder
  5070 | D:4      | XOM: harmless Air miscast
  5316 | D:4      | Found a roughly hewn altar of Beogh.
  5434 | D:4      | XOM: noise
  5465 | D:4      | Paralysed by Grinder for 5 turns
  5480 | D:4      | XOM: god gift: glowing dark potion {god gift}
  5481 | D:4      | Killed Grinder
  5679 | D:4      | XOM: god gift: runed quick blade {god gift}
  5683 | D:4      | XOM: summons 3 hostile demons
  5826 | D:4      | XOM: cleaving
  5842 | D:4      | XOM: medium Conj miscast
  5862 | D:4      | XOM: divination: detect creatures
  5887 | D:4      | XOM: cast spell 'Summon Mana Viper'
  5905 | D:4      | Reached XP level 8. HP: 47/69 MP: 8/8
  6130 | D:5      | Entered Level 5 of the Dungeon
  6227 | D:5      | XOM: summons friendly iron imp
  6358 | D:5      | Learned a level 2 spell: Shroud of Golubria
  6381 | D:5      | Learned a level 3 spell: Confuse
  6434 | D:5      | Noticed Ijyb
  6440 | D:5      | XOM: harmless Ice miscast
  6441 | D:5      | XOM: potion effect (haste)
  6451 | D:5      | Killed Ijyb
  6459 | D:5      | Reached skill level 1 in Hexes
  6575 | D:5      | XOM: mild Necr miscast
  6579 | D:5      | Found an ornate altar of the Wu Jian Council.
  6625 | D:5      | Noticed Eustachio
  6640 | D:5      | XOM: summons 1 hostile demon
  6646 | D:5      | XOM: enchant monster (bad)
  6654 | D:5      | Killed Eustachio
  6697 | D:5      | Learned a level 1 spell: Infusion
  6862 | D:5      | XOM is BORED!
  6862 | D:5      | XOM: mild Air miscast
  6908 | D:5      | Reached skill level 1 in Charms
  6928 | D:5      | XOM: blink monster(s)
  7294 | D:5      | Reached XP level 9. HP: 75/75 MP: 0/9
  7346 | D:5      | XOM: divination: detect creatures
  7534 | D:5      | XOM: noise
  7750 | D:6      | You fall through a shaft!
  7761 | D:7      | XOM: silly message
  7961 | D:6      | Found a stormy altar of Qazlal.
  8018 | D:6      | Noticed Pikel
  8022 | D:6      | XOM: cast spell 'Metabolic Englaciation'
  8029 | D:6      | XOM: divination: magic mapping
  8030 | D:6      | XOM: harmless Pois miscast
  8051 | D:6      | Killed Pikel
  8331 | D:6      | XOM: divination: detect creatures
  8365 | D:6      | Found a shattered altar of Ashenzari.
  8553 | D:7      | XOM: divination: magic mapping
  8561 | D:7      | Reached skill level 1 in Spellcasting
  8618 | D:7      | XOM: god gift: war axe {god gift}
  8697 | D:7      | XOM: god gift: 2 puce potions {god gift}
  8704 | D:7      | Learned a level 3 spell: Spectral Weapon
  8720 | D:7      | XOM: stat loss: -1 Str (14/15)
  8849 | D:7      | Noticed 4thArraOfDagon's ghost (amateur BaFE)
  8908 | D:7      | Noticed Dowan
  8912 | D:7      | Noticed Duvessa
  8914 | D:7      | XOM: smoke on damage
  8917 | D:7      | XOM: smoke on damage
  8930 | D:7      | Killed Duvessa
  8933 | D:7      | Killed Dowan
  9012 | D:7      | XOM: mild Conj miscast
  9163 | D:8      | XOM: polymorph howler monkey -> boggart
  9239 | D:8      | Noticed Erica
  9250 | D:8      | Killed Erica
  9250 | D:8      | Reached XP level 10. HP: 82/82 MP: 15/15
  9270 | D:8      | XOM: swap monsters
  9348 | D:7      | Found a staircase to the Ecumenical Temple.
  9359 | D:7      | XOM: blink monster(s)
  9437 | D:8      | XOM: summons 4 hostile demons
  9438 | D:8      | Noticed a sun demon
  9498 | D:8      | XOM: harmless Conj miscast
  9502 | D:8      | XOM: repel stairs
  9750 | D:8      | XOM: polymorph jackal -> frilled lizard
  9926 | D:9      | Noticed a two-headed ogre
  9939 | D:9      | Killed a two-headed ogre
  9939 | D:9      | Reached skill level 5 in Hexes
  9943 | D:9      | XOM: confusion (+ monsters)
 10031 | D:9      | XOM: noise
 10032 | D:9      | XOM: confuse monster(s)
 10199 | D:9      | XOM: enchant monster (bad)
 10243 | D:9      | XOM: confuse monster(s)
 10301 | D:9      | Found a sacrificial altar of Ru.
 10301 | D:9      | Noticed an oklob plant
 10302 | D:9      | XOM: mild Conj miscast
 10317 | D:9      | Noticed a two-headed ogre
 10333 | D:9      | Killed a two-headed ogre
 10356 | D:9      | XOM: 1-stop teleportation journey
 10386 | D:9      | Found an iron altar of Okawaru.
 10386 | D:9      | Found a radiant altar of Vehumet.
 10386 | D:9      | Found a burning altar of Makhleb.
 10429 | D:9      | XOM: god gift: wand of acid (6)
 10499 | D:9      | XOM: god gift: book of Cantrips
 10503 | D:9      | Learned a level 1 spell: Apportation
 10505 | D:9      | Learned a level 1 spell: Animate Skeleton
 10669 | D:9      | XOM: harmless Air miscast
 10677 | D:10     | Entered Level 10 of the Dungeon
 11149 | D:10     | XOM: 8-stop teleportation journey
 11150 | D:10     | Noticed a two-headed ogre
 11151 | D:10     | XOM: summons 10 friendly demons
 11161 | D:10     | XOM: enchant monster (bad)
 11164 | D:10     | XOM: destruction
 11168 | D:10     | Noticed a death yak
 11186 | D:10     | XOM: cleaving
 11305 | D:9      | XOM: god gift: 44 gold pieces
 11326 | D:9      | XOM: cloud trail
 11414 | D:10     | XOM: divine lightning
 11521 | D:10     | XOM: 1-stop teleportation journey
 11576 | D:10     | Noticed a death yak
 11583 | D:10     | XOM: destruction
 11586 | D:10     | Noticed a death yak
 11599 | D:10     | Found a staircase to the Lair.
 11642 | D:10     | XOM: cast spell 'Death Channel'
 11652 | D:11     | XOM: fog
 11669 | D:11     | Noticed a manticore
 11688 | D:11     | Killed an unseen horror
 11688 | D:11     | Reached skill level 5 in Spellcasting
 11688 | D:11     | Reached XP level 11. HP: 5/87 MP: 17/19
 11694 | D:11     | Slain by a phantom

Vault maps used:
D:1:      dpeg_arrival_arbitrary_c, minmay_heptomino_o4
D:2:      chequers_ecumenical_altar_simple_redux, feat_on_display, uniq_jessica
D:3:      fedhas_altar_3, kiku_gazebo_pond_becter, roderic_lattice_a,
          minmay_misc_feat_five
D:4:      grunt_temple_overflow_open, kennysheep_mini_moat, first_bread,
          kennysheep_orc_chapel, uniq_grinder
D:5:      lemuel_castle_with_subvaults, nicolae_overflow_crystal_walls,
          hangedman_abyss_or_decor_stabs, uniq_ijyb, uniq_eustachio
D:6:      lemuel_coloured_pillars_altar, basic_altar, uniq_pikel
D:7:      temple_pool_b, the_bakery, uniq_duvessa
D:8:      uniq_erica
D:9:      gammafunk_temple_overflow_claw, minmay_misc_feat_rows,
          lemuel_oklob_altar
D:10:     dpeg_lair_monsters, serial_glass, glass_columns_a, glass_columns_a

Skill      XL: |  1  2  3  4  5  6  7  8  9 10 |
---------------+-------------------------------+-----
Short Blades   | 3 4 9 10 | 10.0
Fighting       | 4 8 |  8.5
Dodging        | 1 3 |  3.4
Hexes          | 2 4 7 |  7.3
Charms         | 2 4 |  4.5
Spellcasting   | 3 5 |  5.5
Armour         | |  1.5

Action                   |  1- 3 |  4- 6 |  7- 9 | 10-12 || total
-------------------------+-------+-------+-------+-------++-------
Melee: Short sword       |   100 |   173 |   114 |       ||   387
       Dagger            |       |       |    54 |       ||    54
       Quick blade       |       |       |   490 |   294 ||   784
 Cast: Infusion          |       |       |     2 |       ||     2
       Confuse           |       |       |     1 |    24 ||    25
       Shroud of Golubri |       |       |       |     4 ||     4
       Spectral Weapon   |       |       |       |     1 ||     1
Evoke: Wand              |       |       |     6 |    16 ||    22
  Use: Scroll            |     2 |     3 |     6 |     6 ||    17
 Stab: Paralysed         |       |     2 |       |       ||     2
       Confused          |       |     1 |     4 |     8 ||    13
Armor: Leather armour    |    36 |    66 |    79 |    75 ||   256
Dodge: Dodged            |    45 |    86 |   167 |   102 ||   400

Table legend:
 A = Spawn XP
 B = Non-spawn XP
 C = Spawn XP percentage of total XP
 D = Spawn monster count
 E = Non-spawn monster count
 F = Spawn count percentage of total count
 G = Total turns spent on level
                    A         B        C        D         E        F      G
               +---------+---------+-------+---------+---------+-------+---------
         Total |       0 |   10979 |   0.0 |       0 |     285 |   0.0 | 11694
               +---------+---------+-------+---------+---------+-------+---------
           D:1 |       0 |      91 |   0.0 |       0 |      35 |   0.0 |  1984
           D:2 |       0 |     166 |   0.0 |       0 |      23 |   0.0 |  1669
           D:3 |       0 |     289 |   0.0 |       0 |      25 |   0.0 |  1213
           D:4 |       0 |     546 |   0.0 |       0 |      15 |   0.0 |  1314
           D:5 |       0 |    1429 |   0.0 |       0 |      73 |   0.0 |  1378
           D:6 |       0 |    1087 |   0.0 |       0 |      11 |   0.0 |   825
           D:7 |       0 |     989 |   0.0 |       0 |      12 |   0.0 |   947
           D:8 |       0 |    1888 |   0.0 |       0 |      25 |   0.0 |   596
           D:9 |       0 |    2957 |   0.0 |       0 |      40 |   0.0 |  1134
          D:10 |       0 |     943 |   0.0 |       0 |      22 |   0.0 |   583
          D:11 |       0 |     594 |   0.0 |       0 |       4 |   0.0 |    51
               +---------+---------+-------+---------+---------+-------+---------
